 Dungeon Crawl Stone Soup version 0.29-a0-364-g921d912d32 (webtiles) character file.

Game seed: 18321177725761583516

9721 Artihs the Fighter (level 11, -16/86 HPs)
             Began as a Human Fighter on Apr 29, 2022.
             Was an Elder of Okawaru.
             Demolished by an orc warrior
             ... wielding a +0 war axe
              (23 damage)
             ... in a bailey on Apr 30, 2022.
             The game lasted 02:44:38 (14011 turns).

Artihs the Fighter (Human Fighter)                 Turns: 14011, Time: 02:44:39

Health: -16/86     AC: 20    Str: 16    XL:     11   Next: 79%
Magic:  18/18      EV:  6    Int:  8    God:    Okawaru [****..]
Gold:   411        SH:  6    Dex: 18    Spells: 14/19 levels left

rFire   . . .      SeeInvis .   m - +4 dagger (venom)
rCold   + . .      Faith    .   c - +0 buckler
rNeg    + . .      Spirit   .   Z - +2 plate armour
rPois   .          Reflect  .   y - +0 helmet
rElec   .          Harm     .   q - +0 cloak
rCorr   .          Rampage  .   K - +0 pair of gloves
Will    .....                   M - +0 pair of boots
Stlth   ..........              (no amulet)
HPRegen 0.24/turn               k - ring of positive energy
MPRegen 0.16/turn               i - ring of protection from cold

@: no status effects
A: no striking features
a: Renounce Religion, Heroism, Finesse


You were in a bailey.
You worshipped Okawaru.
Okawaru was greatly pleased with you.
You visited 2 branches of the dungeon, and saw 11 of its levels.
You also visited: Sewer and Bailey.

You collected 511 gold pieces.
You spent 100 gold pieces at shops.

Inventory:

Hand Weapons
 e - a +2 dagger of speed
 f - a +1 short sword of protection
 m - a +4 dagger of venom (weapon)
 w - a +3 dagger
 W - a +0 short sword of draining
Missiles
 v - 2 atropa-tipped darts
 L - 2 poisoned darts (quivered)
Armour
 a - +0 acid dragon scales
 c - a +0 buckler (worn)
 q - a +0 cloak (worn)
 y - a +0 helmet (worn)
 K - a +0 pair of gloves (worn)
 M - a +0 pair of boots (worn)
 Z - a +2 plate armour (worn)
Magical Staves
 l - a staff of conjuration
 A - a staff of air
Jewellery
 i - a ring of protection from cold (right hand)
 k - a ring of positive energy (left hand)
 u - a ring of fire
 H - a ring of fire
Wands
 b - a wand of paralysis (2)
 C - a wand of flame (9)
 J - a wand of charming (4)
 O - a wand of digging (12)
Scrolls
 g - 4 scrolls of amnesia
 h - 2 scrolls of fog
 s - a scroll of silence
 t - 2 scrolls of torment
 x - 5 scrolls of magic mapping
 E - 2 scrolls of brand weapon
 F - 2 scrolls of teleportation
 S - 2 scrolls of vulnerability
 U - 2 scrolls of holy word
Potions
 d - 2 potions of might
 j - 8 potions of flight
 n - 2 potions of berserk rage
 B - 3 potions of degeneration
 D - 2 potions of invisibility {unknown}
 I - 3 potions of brilliance {unknown}
 N - 3 potions of mutation
 P - a potion of haste
 Q - 3 potions of lignification {unknown}


   Skills:
 + Level 8.0 Fighting
 + Level 6.9(7.5) Short Blades
 + Level 4.1(6.1) Long Blades
 + Level 5.1 Throwing
 + Level 6.4 Armour
 + Level 5.2 Dodging
 - Level 4.6 Stealth
 + Level 6.4 Shields
 + Level 4.7 Spellcasting
 + Level 2.3 Conjurations
 - Level 4.1 Evocations


You had 14 spell levels left.
You knew the following spells:

 Your Spells              Type           Power      Damage    Failure   Level
a - Sublimation of Blood  Necr           1%         N/A       100%        2
b - Magic Dart            Conj           20%        1d4       99%         1
c - Static Discharge      Conj/Air       3%         N/A       100%        2

Your spell library contained the following spells:

 Spells                   Type           Power      Damage    Failure   Level
 Mephitic Cloud           Conj/Pois/Air  3%         N/A       100%        3
 Dispel Undead            Necr           1%         3d6       100%        4
 Petrify                  Tmut/Erth      1%         N/A       100%        4
 Sticky Flame             Conj/Fire      3%         2d3       100%        4
 Irradiate                Conj/Tmut      1%         3d13      100%        5
 Borgnjor's Revivificati  Necr           0%         N/A       100%        8
 Necromutation            Tmut/Necr      0%         N/A       100%        8
 Death's Door             Necr           0%         N/A       100%        9
 Call Imp                 Summ           Unusable   N/A       N/A         2

Dungeon Overview and Level Annotations

Branches:
Dungeon (10/15)            Temple (1/1) D:5            Lair (0/6) D:10
  Sewer (visited)          Bailey (1/1)
    Orc: D:9-12

Altars:
Ashenzari
Cheibriados
Dithmenos
Elyvilon
Fedhas
Gozag
Hepliaklqana
Kikubaaqudgha
Makhleb
Nemelex Xobeh
Okawaru
Qazlal
Ru
Sif Muna
Trog
Uskayaw
Vehumet
Wu Jian
Xom
Yredelemnul
Zin
The Shining One

Shops:
D:6 ?*((!   D:7 **

Portals:
Abyss: D:10

Annotations:
D:10 2 transporters, zorge82's ghost, journeyman HOFi


Message History

The orc warlord roars a battlecry!
The orc goes into a battle-frenzy!
The goblin hits you with a +0 hand axe.
* * * LOW HITPOINT WARNING * * *
You hit the orc.
The orc is poisoned.
The orc is moderately wounded.
You hit the orc.
You kill the orc!
Okawaru accepts your kill.
The hobgoblin hits you but does no damage.
The goblin barely misses you.
You hit the hobgoblin.
The hobgoblin is almost dead.
You closely miss the hobgoblin.
The hobgoblin is almost dead.
The hobgoblin closely misses you. The goblin hits you but does no damage.
The orc warlord roars a battlecry!
The orc warrior goes into a battle-frenzy!
You hit the hobgoblin.
You kill the hobgoblin!
The orc warrior hits you with a +0 war axe!
* * * LOW HITPOINT WARNING * * *
The goblin barely misses you.
You hit the hobgoblin.
The hobgoblin is poisoned.
The hobgoblin is severely wounded.
You hit the hobgoblin.
You kill the hobgoblin!
Okawaru accepts your kill.
The orc warrior hits you but does no damage.
You block the goblin's attack.
You closely miss the goblin. The orc warrior closely misses you.
The orc warlord hits you with a +0 broad axe.
* * * LOW HITPOINT WARNING * * *
You block the goblin's attack. The orc warlord blocks your attack.
The orc warlord is moderately wounded.
You hit the orc warlord.
The orc warlord is poisoned.
The orc warlord is moderately wounded.
The orc warrior hits you with a +0 war axe!!
You die...

#!!...!.# ##......(#
#.........
##....(....
#######.....(....
##.....##(g.......
#.......))o.......
##......o##o......#
#...)...@.#..(....#
##......go.##88g88##
#.....⌠.)...###'###
##.........## ..#
#.........# ...
##.......## ...#
#.......# ...
##.....## ##)####


You could see an orc warlord (very poisoned), an orc warrior (strong) and a
goblin.

Vanquished Creatures
  A catoblepas (D:9)
  A gargoyle (D:10)
  Prince Ribbit (D:7)
  Grinder (D:3)
  19 yaks
  A wraith (D:10)
  2 steam dragons
  3 wargs (D:10)
  An acid dragon (D:8)
  4 water moccasins
  10 orc warriors
  2 sky beasts
  4 black bears
  2 ice beasts (D:7)
  2 ogres
  2 centaurs
  A phantom (D:5)
  2 kobold brigands
  3 bullfrogs
  A necrophage (D:6)
  A gnoll sergeant (D:7)
  A wight (D:9)
  6 killer bees
  2 electric eels (D:10)
  2 howler monkeys (D:9)
  A hound (D:6)
  2 gnoll shamans
  10 orc priests
  Ijyb (D:3)
  3 iguanas (D:6)
  Terence (D:2)
  Natasha (thrice) (D:2)
  9 orc wizards
  Robin (D:2)
  25 gnolls
  9 adders
  4 river rats (Sewer)
  A shadow imp (D:5)
  3 white imps
  2 ufetubi
  5 worms
  13 dart slugs
  38 orcs
  10 ball pythons
  21 bats
  7 endoplasms
  6 giant cockroaches
  23 goblins
  16 hobgoblins
  3 jackals (Sewer)
  12 quokkas
  4 frilled lizards
  32 kobolds
  4 rats
344 creatures vanquished.

Vanquished Creatures (others)
  An orc wizard (D:5)
  57 plants
58 creatures vanquished.

Grand Total: 402 creatures vanquished

Notes
Turn   | Place    | Note
-------+----------+-------------------------------------------
     0 | D:1      | Artihs the Human Fighter began the quest for the Orb.
     0 | D:1      | Reached XP level 1. HP: 18/18 MP: 1/1
    61 | D:1      | Reached XP level 2. HP: 22/24 MP: 2/2
   356 | D:1      | Reached XP level 3. HP: 29/29 MP: 3/3
   570 | D:1      | Found a faded altar of an unknown god.
   752 | D:1      | Learned a level 2 spell: Sublimation of Blood
  1294 | D:2      | You fall into a shaft and drop 1 floor!
  1478 | D:3      | Reached XP level 4. HP: 35/35 MP: 4/4
  1716 | D:3      | Noticed Grinder
  1729 | D:3      | Paralysed by Grinder for 5 turns
  1740 | D:3      | Killed Grinder
  1741 | D:3      | Reached skill level 4 in Fighting
  1741 | D:3      | Reached skill level 1 in Short Blades
  1741 | D:3      | Reached skill level 1 in Throwing
  1741 | D:3      | Reached skill level 1 in Dodging
  1741 | D:3      | Reached skill level 1 in Spellcasting
  1741 | D:3      | Reached XP level 5. HP: 9/42 MP: 4/6
  1741 | D:3      | Reached XP level 6. HP: 10/48 MP: 4/7
  1987 | D:3      | Noticed Ijyb
  2002 | D:3      | Killed Ijyb
  2293 | D:2      | Noticed Robin
  2305 | D:2      | Killed Robin
  2314 | D:2      | Reached XP level 7. HP: 53/54 MP: 8/8
  2393 | D:2      | Noticed Terence
  2398 | D:2      | Killed Terence
  2426 | D:2      | Noticed Natasha
  2435 | D:2      | Killed Natasha
  2472 | D:2      | Noticed Natasha
  2480 | D:2      | Killed Natasha
  2819 | D:2      | Noticed Natasha
  2829 | D:2      | Killed Natasha
  3509 | D:4      | Learned a level 1 spell: Magic Dart
  3534 | D:4      | Reached skill level 1 in Evocations
  3563 | D:4      | Reached skill level 1 in Stealth
  3834 | D:4      | Found a glowing drain.
  3862 | Sewer    | Entered a sewer
  4342 | Sewer    | Reached XP level 8. HP: 55/61 MP: 10/10
  4994 | D:5      | Entered Level 5 of the Dungeon
  5007 | D:5      | Found a staircase to the Ecumenical Temple.
  5039 | Temple   | Entered the Ecumenical Temple
  5518 | Temple   | Became a worshipper of Warmaster Okawaru
  5776 | D:5      | Reached skill level 5 in Fighting
  6366 | D:5      | Reached * piety under Okawaru
  6691 | D:6      | Found Tukhlej's Distillery.
  6698 | D:6      | Bought a potion of heal wounds for 50 gold pieces
  6698 | D:6      | Bought a potion of heal wounds for 50 gold pieces
  6761 | D:6      | Found Jophoyn's Weapon Boutique.
  6810 | D:6      | Found Jualae's General Store.
  6876 | D:6      | Reached XP level 9. HP: 68/68 MP: 12/12
  6877 | D:6      | Upgraded the game from 0.29-a0-362-g5854e031c7 to
                  | 0.29-a0-364-g921d912d32
  7239 | D:6      | Found Ytsoapnill's Magic Scroll Emporium.
  7390 | D:6      | Reached ** piety under Okawaru
  7396 | D:6      | Reached skill level 6 in Fighting
  7443 | D:6      | Found Niuliukk's Antique Weapon Emporium.
  8065 | D:7      | Reached skill level 5 in Armour
  8124 | D:7      | Reached skill level 5 in Short Blades
  8132 | D:7      | Reached skill level 5 in Shields
  8173 | D:7      | Found Kusuw's Assorted Antiques.
  8247 | D:7      | Found Rmuofful's Retail Resort.
  8325 | D:7      | Reached *** piety under Okawaru
  8326 | D:7      | Reached XP level 10. HP: 64/77 MP: 14/14
  8398 | D:7      | Noticed Prince Ribbit
  8412 | D:7      | Killed Prince Ribbit
  8531 | D:7      | Reached skill level 7 in Fighting
  9214 | D:8      | Reached **** piety under Okawaru
  9474 | D:8      | Paralysed by an orc wizard for 4 turns
  9883 | D:8      | Reached XP level 11. HP: 47/84 MP: 15/17
 11374 | D:9      | Noticed a catoblepas
 11382 | D:9      | Reached skill level 1 in Conjurations
 11398 | D:9      | Killed a catoblepas
 11954 | D:9      | Learned a level 2 spell: Static Discharge
 12313 | D:9      | Reached skill level 5 in Dodging
 12587 | D:9      | Found a sparkling altar of Nemelex Xobeh.
 12866 | D:10     | Entered Level 10 of the Dungeon
 12869 | D:10     | Noticed a toenail golem
 12884 | D:10     | Found a one-way gate to the infinite horrors of the Abyss.
 12884 | D:10     | Noticed zorge82's ghost (journeyman HOFi)
 12884 | D:10     | Noticed a green ugly thing
 12908 | D:10     | Found a transporter.
 12913 | D:10     | Found a transporter.
 12967 | D:10     | Reached ***** piety under Okawaru
 12968 | D:10     | Reached skill level 5 in Throwing
 13273 | D:10     | Found a staircase to the Lair.
 13342 | D:10     | Received a gift from Okawaru
 13489 | D:10     | Reached skill level 8 in Fighting
 13492 | D:10     | HP: 3/86 [electric eel/bolt of electricity (11)]
 13588 | D:10     | Found a flagged portal.
 13597 | Bailey   | Entered a bailey
 13945 | Bailey   | Noticed an orc warlord
 14011 | Bailey   | Demolished by an orc warrior

Illustrated notes

Levels and vault maps discovered:
D:1:      psy_arrival_radial02, layout_loops_ring,
          ebering_ecumenical_altar_sacrificial, minmay_box_of_dots
D:2:      minmay_angry_zag, layout_basic, serial_forest,
          infiniplex_forest_end_2, infiniplex_forest_clump_curved,
          infiniplex_forest_corner_2, infiniplex_forest_end_2,
          infiniplex_forest_corner_2, infiniplex_forest_corner_2,
          infiniplex_forest_end_3, minmay_misc_feat_cross, minmay_domino_4,
          uniq_natasha, uniq_robin, uniq_terence
D:3:      layout_rooms, uniq_grinder, uniq_ijyb
D:4:      kennysheep_slugbush, layout_loops_ring, gup_sewer_entry_pipe
D:5:      layout_gridville, minmay_temple_entry_grid
D:6:      layout_loops_corners, serial_shops,
          nicolae_shop_temple_entry_statues_fountains, shop_fountains,
          nicolae_shop_window_shopping, nicolae_shop_advertising_works
          [nicolae_subvault_shop_adworks], nicolae_shop_behind_doors,
          nicolae_figureground_sparkle
D:7:      dreamdust_elfheim, layout_loops_ring, serial_shops,
          nicolae_shop_overgrown_old_shop, dreamdust_mushroom_princess,
          dk_noncrumbling_2, nicolae_alphabet_shops, minmay_crossroads,
          uniq_prince_ribbit1
D:8:      kennysheep_kobold_camp, layout_cave_pools
D:9:      layout_gridville, mainiacjoe_overflow_cross_hatched, st_stairs_3,
          hellmonk_bongcloud_opening, minmay_misc_feat_x
D:10:     layout_basic, erik_lair_orcish_takeover,
          gammafunk_ghost_abyssal_escape, enter_bailey_8
Temple:   mainiacjoe_temple_hex_bubbles
Bailey:   bailey_axe_minmay_hex_keep, bailey

Skill      XL: |  1  2  3  4  5  6  7  8  9 10 11 |
---------------+----------------------------------+-----
Fighting       | 4 5 6 7 8 |  8.0
Short Blades   | 1 2 3 5 6 |  6.9
Long Blades    | 3 4 |  4.1
Throwing       | 1 2 3 4 5 |  5.1
Dodging        | 1 2 3 4 5 |  5.2
Spellcasting   | 1 2 3 4 |  4.7
Evocations     | 1 2 3 4 |  4.1
Stealth        | 1 2 3 4 |  4.6
Armour         | 4 5 6 |  6.4
Shields        | 4 5 6 |  6.4
Conjurations   | 2 |  2.3

Action                   |  1- 3 |  4- 6 |  7- 9 | 10-12 || total
-------------------------+-------+-------+-------+-------++-------
Melee: Long sword        |    53 |       |       |       ||    53
       Dagger            |    21 |    74 |   330 |   586 ||  1011
       Short sword       |       |       |       |    98 ||    98
Throw: Dart              |    12 |       |    43 |    72 ||   127
       Boomerang         |       |     8 |   130 |    75 ||   213
       Javelin           |       |       |    16 |     4 ||    20
Invok: Heroism           |       |       |     3 |     3 ||     6
       Finesse           |       |       |       |     4 ||     4
Evoke: Wand              |       |    25 |    37 |    42 ||   104
  Use: Potion            |     2 |     2 |     1 |     9 ||    14
       Scroll            |     3 |     2 |     8 |    12 ||    25
 Stab: Paralysed         |       |       |       |     1 ||     1
Armor: Scale mail        |    42 |     6 |       |       ||    48
       Chain mail        |       |    34 |   155 |    64 ||   253
       Plate armour      |       |       |       |   250 ||   250
Dodge: Dodged            |    21 |    19 |    89 |   121 ||   250
Block: Buckler           |    19 |    11 |    76 |   142 ||   248

Table legend: (Time is in decaauts)
 A = Elapsed time spent in this place.
 B = Non-inter-level travel time spent in this place.
 C = Inter-level travel time spent in this place.
 D = Time resting spent in this place.
 E = Time spent auto-exploring this place.
 F = Levels seen in this place.
 G = Mean time per level.
                   A        B        C        D        E       F      G
               +--------+--------+--------+--------+--------+-----+--------+
         Total |  13947 |  11287 |   2660 |   3756 |   4738 |  13 | 1072.8 |
       Dungeon |  12109 |   9942 |   2167 |   3520 |   4208 |  10 | 1210.9 |
        Temple |    501 |      8 |    493 |      0 |      0 |   1 |  501.0 |
         Sewer |    966 |    966 |      0 |    110 |    530 |   1 |  966.0 |
        Bailey |    369 |    369 |      0 |    126 |      0 |   1 |  369.0 |
               +--------+--------+--------+--------+--------+-----+--------+

Top non-repeatable levels by time:
     D:8: 1873 daAuts
     D:9: 1743 daAuts
     D:7: 1433 daAuts
     D:2: 1324 daAuts
     D:1: 1090 daAuts
     D:5: 1082 daAuts
     D:6: 1060 daAuts
     D:3: 1000 daAuts
   Sewer: 966 daAuts
     D:4: 812 daAuts
    D:10: 690 daAuts
  Temple: 501 daAuts
  Bailey: 369 daAuts
